 Dungeon Crawl Stone Soup version 0.17.1-2-g5865329 (webtiles) character file.

1114 Mysteryquy the Cleaver (level 8, -4/58 HPs)
             Began as a Formicid Fighter on Jan 12, 2016.
             Was a Follower of Makhleb.
             Killed by divine providence
             ... invoked by an orc priest
              (16 damage)
             ... on level 6 of the Dungeon.
             The game lasted 00:13:43 (4649 turns).

Mysteryquy the Cleaver (Formicid Fighter)           Turns: 4649, Time: 00:13:43

Health: -4/58      AC: 12    Str: 23    XL:     8   Next: 60%
Magic:  8/8        EV:  4    Int:  8    God:    Makhleb [*.....]
Gold:   127        SH:  9    Dex: 10    Spells: 0 memorised, 7 levels left

rFire  . . .     SeeInvis +     w - +0 battleaxe
rCold  . . .     Clarity  .     B - +0 plate armour
rNeg   . . .     SustAt   .     c - +0 shield
rPois  .         Gourm    .     (helmet unavailable)
rElec  .         Spirit   .     v - +0 cloak
rCorr  .         Warding  .     (no gloves)
rMut   .         Stasis   +     (no boots)
MR     .....                    (no amulet)
Stlth  ..........               (no ring)
                                (no ring)

@: not resistant to hostile enchantments, extremely unstealthy
A: permanent stasis, dig shafts and tunnels, four strong arms, antennae 3
a: Dig, Shaft Self, Renounce Religion


You were on level 6 of the Dungeon.
You worshipped Makhleb.
Makhleb was aware of your devotion.
You were not hungry.

You visited 2 branches of the dungeon, and saw 7 of its levels.

You collected 165 gold pieces.
You spent 38 gold pieces at shops.

Inventory:

Hand Weapons
 a - a +0 war axe
 w - a +0 battleaxe (weapon)
 A - the +0 rapier of the Mushroom {flame, +Fly rC- Dex+7}
   (You found it on level 4 of the Dungeon)

   It has been specially enchanted to burn those struck by it, causing extra
   injury to most foes and up to half again as much damage against particularly
   susceptible opponents.
   It affects your dexterity (+7).
   It makes you vulnerable to cold.
   It lets you fly.
Armour
 b - a +0 scale mail
 c - a +0 shield (worn)
 v - a +0 cloak (worn)
 B - a +0 plate armour (worn)
Wands
 n - a wand of teleportation (4)
Scrolls
 h - 4 scrolls of teleportation
 j - 3 scrolls of identify
 l - 2 scrolls of amnesia
 q - 2 scrolls of magic mapping
 t - a scroll of remove curse
 x - a scroll of immolation {unknown}
 y - 2 scrolls of fog {unknown}
 C - a scroll of torment {unknown}
Potions
 d - 2 potions of agility {unknown}
 g - 2 potions of degeneration {unknown}
 i - a potion of brilliance {unknown}
 k - a potion of lignification {unknown}
 o - a potion of heal wounds
 r - a potion of cancellation {unknown}
 z - a potion of mutation {unknown}
Comestibles
 e - 2 bread rations
 f - 2 fruits
 m - a chunk of flesh
 p - 4 beef jerkies
 s - 2 slices of pizza
 u - 2 meat rations


   Skills:
 - Level 3.4 Fighting
 + Level 0.6 Short Blades
 + Level 9.6 Axes
 - Level 3.4 Armour
 - Level 3.9 Shields


You had 7 spell levels left.
You didn't know any spells.

Dungeon Overview and Level Annotations

Branches:
Dungeon (6/15)             Temple (1/1) D:5

Altars:
Ashenzari
Cheibriados
Elyvilon
Fedhas
Gozag
Kikubaaqudgha
Makhleb
Nemelex Xobeh
Okawaru
Sif Muna
Vehumet
Xom
Zin
The Shining One
Lugonu

Shops:
D:4 *[:?   D:5 %


Innate Abilities, Weirdness & Mutations

You are under a permanent stasis effect.
You can dig through walls and to a lower floor.
Your four strong arms can wield two-handed weapons with a shield.
You have a pair of large antennae on your head (SInv).


Message History

* * * LOW HITPOINT WARNING * * *
The orc warrior burns you.
* * * LOW HITPOINT WARNING * * *
The jackal bites you.
* * * LOW HITPOINT WARNING * * *
The jackal bites you but does no damage.
The orc warrior hits you from afar with a glaive of flaming.
* * * LOW HITPOINT WARNING * * *
The orc warrior burns you.
* * * LOW HITPOINT WARNING * * *
You see here an adder corpse.
The jackal bites you but does no damage.
You block the jackal's attack. You block the jackal's attack.
You block the jackal's attack. The jackal completely misses you.
You block the jackal's attack.
The orc priest mumbles some strange prayers to Beogh against you.
Something smites you!
You die...

#.......######
#.......# #.......#
#.......# #.......#
#######.#######
#.......#.....#
#.#######.....#
######@# ####.....#
#....#h# #.†'.....#
#....#.####.##.....# {
#....#.#.†..##....o###.
#....#o#.#####........{
#####....#.#{#
#.....####
###........o.#{#
#.....#
#.....#....###.#
#.....#
#.....#.......)#
#######


You could see an orc warrior, an orc priest and a jackal.

Vanquished Creatures
  The ghost of Mysteryquy the Magician, a novice DEAE of Vehumet (D:5)
  An ogre (D:5)
  2 centaurs
  A giant frog (D:6)
  2 scorpions (D:4)
  3 hounds
  The ghost of Caphalor the Bolt Thrower, a weakling KoHu (D:4)
  A centaur skeleton (D:5)
  3 worker ants
  An iguana (D:4)
  A hound skeleton (D:4)
  7 gnolls
  9 adders
  3 worms
  3 giant geckos
  14 orcs
  A giant cockroach (D:2)
  5 goblins
  6 hobgoblins
  6 jackals
  5 kobolds
  4 quokkas
  3 ball pythons
  5 bats
  3 giant newts
  A quokka skeleton (D:5)
  3 rats (D:1)
95 creatures vanquished.

Vanquished Creatures (others)
  A giant gecko skeleton (D:5)
1 creature vanquished.

Grand Total: 96 creatures vanquished

Notes
Turn   | Place    | Note
--------------------------------------------------------------
     0 | D:1      | Mysteryquy the Formicid Fighter began the quest for the Orb.
     0 | D:1      | Reached XP level 1. HP: 18/18 MP: 1/1
    41 | D:1      | Found a shimmering altar of Xom.
    72 | D:1      | Reached XP level 2. HP: 22/24 MP: 2/2
   369 | D:2      | Found an ancient bone altar of Kikubaaqudgha.
   437 | D:2      | Found a sparkling altar of Nemelex Xobeh.
   479 | D:2      | Reached XP level 3. HP: 29/29 MP: 3/3
   624 | D:2      | Found a shattered altar of Ashenzari.
   895 | D:2      | Reached XP level 4. HP: 16/35 MP: 4/4
  1211 | D:3      | Found a glowing silver altar of Zin.
  1247 | D:3      | Found a shattered altar of Ashenzari.
  1388 | D:3      | Reached skill level 4 in Axes
  1717 | D:3      | Reached XP level 5. HP: 39/41 MP: 5/5
  1887 | D:3      | Found a burning altar of Makhleb.
  1897 | D:3      | Became a worshipper of Makhleb the Destroyer
  1948 | D:4      | Found Unkiloof's Magic Scroll Shop.
  1954 | D:4      | Bought a scroll of magic mapping for 38 gold pieces
  1981 | D:4      | Reached skill level 5 in Axes
  2009 | D:4      | Reached XP level 6. HP: 47/47 MP: 6/6
  2177 | D:4      | Reached skill level 6 in Axes
  2515 | D:4      | Noticed Caphalor's ghost (weakling KoHu)
  2519 | D:4      | Killed Caphalor's ghost
  2559 | D:4      | Found Teotear's Assorted Antiques.
  2605 | D:4      | Found Nuoleman's Antique Armour Emporium.
  2669 | D:4      | Got a steaming rapier
  2670 | D:4      | Identified the cursed +0 rapier of the Mushroom {flame, +Fly rC- Dex+7} (You found it on level 4 of the Dungeon)
  2812 | D:4      | Found Fetitas's Book Shoppe.
  3316 | D:5      | Entered Level 5 of the Dungeon
  3377 | D:4      | Reached XP level 7. HP: 48/52 MP: 7/7
  3413 | D:4      | Reached * piety under Makhleb
  3413 | D:4      | Reached skill level 7 in Axes
  3560 | D:5      | Noticed Mysteryquy's ghost (novice DEAE)
  3590 | D:5      | Killed Mysteryquy's ghost
  3590 | D:5      | Reached skill level 8 in Axes
  3715 | D:5      | Found an iron altar of Okawaru.
  3762 | D:5      | Found a staircase to the Ecumenical Temple.
  3773 | Temple   | Entered the Ecumenical Temple
  3899 | D:5      | Reached XP level 8. HP: 30/58 MP: 8/8
  4187 | D:5      | Found Giarhog's Food Shoppe.
  4335 | D:5      | Reached skill level 9 in Axes
  4468 | D:6      | Found a shattered altar of Ashenzari.
  4649 | D:6      | Killed from afar by an orc priest

Action                   |  1- 3 |  4- 6 |  7- 9 || total
-------------------------+-------+-------+-------++-------
Melee: War axe           |    77 |    38 |       ||   115
       Battleaxe         |       |    95 |    87 ||   182
       Rapier            |       |    16 |       ||    16
  Use: Scroll            |       |     6 |       ||     6
       Potion            |       |     1 |     1 ||     2
  Eat: Chunk             |       |     6 |     4 ||    10
       Royal jelly       |       |     1 |       ||     1
